AoeStats
← :)

Arabia

510126321Analyzed
4v4 RM · 4d ago on Sep 29, 2026· 46m 20s· 8 players
Game mode
Random Map
Map size
Large (8 player)
Population
200
Speed
Normal
Resources
Standard
Victory
Conquest
Starting age
Dark Age
Ending age
Imperial Age
RankedLock teamsTeams togetherTeam positionsShared explorationLock speedFull tech treeHidden civsTurbo modeCheats
Victory
Defeat
🇵🇰 Ethiopians · Pakistan
1337
+9
🇨🇳 Franks · China
1243
+13
🇹🇼 Persians · Taiwan
1230
+14
🇪🇸 Maya · Spain
1131
+18
🇦🇷 Magyars · Argentina
1339
-20
🇹🇼 Varangians · Taiwan
1185
-14
🇹🇼 Shu · Taiwan
1093
-10
🇹🇼 Wei · Taiwan
1088
-10
野豬騎士來囉
6:29 Loom
8:30 Feudal Age
16:04 Double-Bit Axe
24:25 Castle Age
23:31 Horse Collar
29:22 Wheelbarrow
29:00 Bow Saw
29:18 Heavy Plow
29:50 Bloodlines
31:12 Scale Barding Armor
31:37 Hand Cart
32:42 Chain Barding Armor
32:33 Forging
36:28 Imperial Age
34:59 Iron Casting
36:15 Cavalier
36:58 Husbandry
37:38 Plate Barding Armor
38:06 Blast Furnace
38:29 Crop Rotation
39:01 Two-Man Saw
37:45 Savar
44:42 Gold Mining
45:16 Conscription
Xisco Riera
0:33 Loom
9:10 Feudal Age
9:58 Double-Bit Axe
14:10 Fletching
18:12 Horse Collar
23:17 Castle Age
21:54 Padded Archer Armor
23:25 Town Watch
23:20 Crossbowman
23:57 Bodkin Arrow
24:10 Thumb Ring
25:29 Leather Archer Armor
25:56 Gold Mining
28:09 Ballistics
28:10 Pikeman
29:27 Squires
29:42 Scale Mail Armor
35:40 Imperial Age
33:48 Wheelbarrow
35:50 Chain Mail Armor
35:59 Bow Saw
35:46 Arbalester
36:29 Bracer
40:36 Ring Archer Armor
41:10 Chemistry
39:53 Halberdier
43:28 Plate Mail Armor
43:26 Stone Mining
45:04 Hand Cart
46:38 Forging
coys
6:48 Loom
9:55 Feudal Age
10:33 Double-Bit Axe
17:33 Gold Mining
18:41 Fletching
25:31 Castle Age
24:25 Padded Archer Armor
24:38 Horse Collar
25:44 Crossbowman
26:20 Bodkin Arrow
29:29 Ballistics
35:30 Wheelbarrow
35:35 Leather Archer Armor
40:03 Thumb Ring
43:17 Stone Mining
46:12 Imperial Age
546308830
1:52 Loom
10:13 Feudal Age
16:10 Castle Age
17:15 Double-Bit Axe
25:54 Scale Barding Armor
26:00 Forging
27:10 Chain Barding Armor
27:34 Bow Saw
29:38 Forging
31:01 Gold Mining
34:51 Gold Shaft Mining
34:55 Iron Casting
40:03 Imperial Age
38:09 Wheelbarrow
40:16 Cavalier
42:16 Plate Barding Armor
46:13 Hand Cart
45:44 Town Watch
45:29 Light Cavalry
Ta.ToM
2:32 Loom
10:13 Feudal Age
12:31 Bloodlines
12:51 Double-Bit Axe
15:37 Horse Collar
23:55 Castle Age
21:50 Fletching
26:14 Wheelbarrow
30:20 Gold Mining
30:55 Heavy Plow
31:33 Stone Mining
32:54 Bow Saw
35:03 Forging
36:35 Iron Casting
36:08 Scale Barding Armor
38:42 Chain Barding Armor
40:40 Bodkin Arrow
44:53 Scale Mail Armor
47:27 Imperial Age
46:45 Squires
47:03 Chain Mail Armor
pokemonmastersoji
7:01 Loom
10:08 Feudal Age
16:51 Fletching
:)
6:56 Loom
9:33 Feudal Age
10:04 Double-Bit Axe
11:16 Horse Collar
18:59 Wheelbarrow
22:00 Castle Age
20:39 Scale Barding Armor
20:53 Bloodlines
21:54 Gold Mining
23:17 Chain Barding Armor
23:29 Bow Saw
23:20 Heavy Plow
23:51 Husbandry
35:36 Gold Shaft Mining
37:05 Town Watch
37:35 Hand Cart
44:20 Imperial Age
45:11 Cavalier
46:28 Plate Barding Armor
46:18 Conscription
a27589682000
7:44 Loom
10:29 Feudal Age
11:41 Double-Bit Axe
13:30 Horse Collar
22:38 Castle Age
21:31 Bloodlines
22:55 Forging
22:51 Scale Barding Armor
23:48 Heavy Plow
24:28 Husbandry
26:36 Gold Mining
28:31 Bow Saw
32:23 Chain Barding Armor
33:42 Iron Casting
33:44 Wheelbarrow
37:22 Elite Skirmisher
40:54 Imperial Age
41:06 Hand Cart
40:37 Town Watch
41:06 Heavy Hei Guang Cavalry
42:50 Blast Furnace
43:42 Murder Holes
Connection lost

Rejoining the realm…

Still unreachable

The connection could not be restored.

Session expired

The server has moved on; the page needs a fresh start.